 Dungeon Crawl Stone Soup version 0.30-a0-365-ge7f957f1db (webtiles) character file.

Game seed: 7801059709583254844

56 koil the Ruffian (level 3, 0/54 HPs)
             Began as a Troll Berserker on Nov 17, 2022.
             Was a Believer of Trog.
             Slain by a hobgoblin (2 damage)
             ... led by Robin
             ... on level 2 of the Dungeon.
             The game lasted 00:01:39 (536 turns).

koil the Ruffian (Troll Berserker)                   Turns: 536, Time: 00:01:39

Health: 0/54       AC:  4    Str: 27    XL:     3   Next: 69%
Magic:  2/2        EV: 10    Int:  3    God:    Trog [**....]
Gold:   101        SH:  0    Dex:  9    Spells: 2/2 levels left

rFire   . . .      SeeInvis .      - Unarmed
rCold   . . .      Faith    .    (no shield)
rNeg    . . .      Spirit   .    a - +0 animal skin
rPois   .          Reflect  .    (helmet restricted)
rElec   .          Harm     .    (no cloak)
rCorr   .          Rampage  .    (gloves unavailable)
Will    ++...                    (boots unavailable)
Stlth   ..........               (no amulet)
HPRegen 2.09/turn                (no ring)
MPRegen 0.08/turn                (no ring)

@: berserking, strong-willed, regenerating, very quick
A: large, unfitting armour, claws 3, regeneration 1, shaggy fur 1, tough skin 1
a: Renounce Religion, Berserk, Trog's Hand


You were on level 2 of the Dungeon.
You worshipped Trog.
Trog was pleased with you.
You visited 1 branch of the dungeon, and saw 2 of its levels.

You collected 101 gold pieces.

Inventory:

Armour
 a - a +0 animal skin (worn)
Scrolls
 b - 3 scrolls of identify {unknown}
 c - a scroll of amnesia {unknown}
 f - 2 scrolls of fear {unknown}
Potions
 d - 3 potions of heal wounds {unknown}
 e - a potion of attraction {unknown}
 g - 2 potions of haste {unknown}


   Skills:
 + Level 2.8 Fighting
 + Level 1.2 Armour
 + Level 2.8 Dodging
 + Level 3.4 Unarmed Combat


You had 2 spell levels left.
You didn't know any spells.
Your spell library was empty.

Dungeon Overview and Level Annotations

Branches:
Dungeon (2/15)

Altars:

Shops:
D:1 [

Annotations:
D:2 Robin


Innate Abilities, Weirdness & Mutations

You are too large for most types of armour.
You have claws for hands.
Your natural rate of healing is unusually fast.
You are covered in fur. (AC +1)
You have tough skin. (AC +1)


Message History

You barely miss the goblin. You claw the goblin.
You kill the goblin!
Trog accepts your kill.
Unknown command.
You closely miss the hobgoblin. The goblin closely misses you.
The hobgoblin hits you. The hobgoblin closely misses you.
Unknown command.
You closely miss the hobgoblin.
Robin roars a battlecry!
The goblin goes into a battle-frenzy!
The hobgoblin hits you. The goblin closely misses you.
The goblin hits you with a +0 club. The hobgoblin barely misses you.
Unknown command.
You mangle the hobgoblin!!
You feel the power of Trog in you as your rage grows.
You kill the hobgoblin!
Trog accepts your kill.
Unknown command.
You scratch the hobgoblin.
The hobgoblin is severely wounded.
The goblin hits you with a +0 dagger. The goblin closely misses you.
Unknown command.
You barely miss the hobgoblin.
The hobgoblin is severely wounded.
Unknown command.
You barely miss the hobgoblin.
The hobgoblin is severely wounded.
The hobgoblin barely misses you. The goblin hits you with a +0 club.
* * * LOW HITPOINT WARNING * * *
The goblin closely misses you. The goblin barely misses you.
The hobgoblin hits you.
* * * LOW HITPOINT WARNING * * *
You closely miss the hobgoblin.
The hobgoblin is severely wounded.
The hobgoblin misses you. The goblin hits you with a +0 club.
* * * LOW HITPOINT WARNING * * *
The goblin barely misses you. The goblin hits you with a +0 dagger.
* * * LOW HITPOINT WARNING * * *
The hobgoblin hits you.
You die...

.....# .....# .....#
##.....#. .........
#gg....# ##ggg...# ..
##g@gg...#...
#.g#######.. #.## #...
#.######.#####
#............## #.
##.............## #.
#...............# #.
#...............#
##.####...........†...#


You could see Robin, 3 hobgoblins and 5 goblins.

Vanquished Creatures
  Natasha (D:2)
  3 bats
  4 endoplasms
  4 giant cockroaches
  5 goblins
  2 hobgoblins (D:2)
  3 ball pythons (D:1)
  3 frilled lizards
  A kobold (D:1)
  3 rats
29 creatures vanquished.

Notes
Turn   | Place    | Note
-------+----------+-------------------------------------------
     0 | D:1      | koil the Troll Berserker began the quest for the Orb.
     0 | D:1      | Reached XP level 1. HP: 22/22 MP: 0/0
    32 | D:1      | Found a faded altar of an unknown god.
    92 | D:1      | Found Kubekaad's Antique Armour Boutique.
   170 | D:1      | Reached XP level 2. HP: 27/29 MP: 1/1
   404 | D:2      | Reached ** piety under Trog
   482 | D:2      | Noticed Natasha
   488 | D:2      | Killed Natasha
   489 | D:2      | Reached skill level 1 in Armour
   489 | D:2      | Reached XP level 3. HP: 31/36 MP: 2/2
   518 | D:2      | Noticed Robin
   535 | D:2      | HP: 10/54 [hobgoblin[Robin] (6)]
   536 | D:2      | HP: 2/54 [goblin/+0 dagger[Robin] (4)]
   536 | D:2      | Slain by a hobgoblin

Illustrated notes

Levels and vault maps discovered:
D:1:      minmay_arrival_three_doors, layout_rooms,
          shapermc_ecumenical_altar_starsandcircs, serial_shops, shop,
          minmay_hexomino_u4
D:2:      layout_rooms, uniq_robin, uniq_natasha

Skill      XL: |  1  2 |
---------------+-------+-----
Armour         | 1 |  1.2
Fighting       | |  2.8
Dodging        | |  2.8
Unarmed Combat | |  3.4

Action                   || total
-------------------------++-------
Melee: Unarmed           ||    59
       Punch             ||     1
Invok: Berserk           ||     1
       Trog's Hand       ||     1
Armor: Animal skin       ||    31
Dodge: Dodged            ||    54

Table legend: (Time is in decaauts)
 A = Elapsed time spent in this place.
 B = Non-inter-level travel time spent in this place.
 C = Inter-level travel time spent in this place.
 D = Time resting spent in this place.
 E = Time spent auto-exploring this place.
 F = Levels seen in this place.
 G = Mean time per level.
                   A        B        C        D        E       F      G
               +--------+--------+--------+--------+--------+-----+--------+
         Total |    529 |    526 |      3 |      0 |    383 |   2 |  264.5 |
       Dungeon |    529 |    526 |      3 |      0 |    383 |   2 |  264.5 |
               +--------+--------+--------+--------+--------+-----+--------+

Top non-repeatable levels by time:
     D:1: 396 daAuts
     D:2: 133 daAuts
